 Dungeon Crawl Stone Soup version 0.29.0-4-gdea44cf6ec (webtiles) character file.

Game seed: 5821043758483371918

6265 qw the Cleaver (level 10, -7/90 HPs)
             Began as a Minotaur Fighter on Sept 6, 2022.
             Was a Follower of Ru.
             Mangled by a death yak (20 damage)
             ... on level 9 of the Dungeon.
             The game lasted 00:03:36 (10873 turns).

qw the Cleaver (Minotaur Fighter)                  Turns: 10873, Time: 00:03:37

Health: -7/90      AC: 20    Str: 24    XL:     10   Next: 62%
Magic:  9/9        EV:  7    Int:  3    God:    Ru [*.....]
Gold:   331        SH:  5    Dex: 11    Spells: 9/9 levels left

rFire   . . .      SeeInvis +   Y - +2 war axe (flame)
rCold   . . .      Faith    .   c - +0 buckler
rNeg    . . .      Spirit   .   s - +0 plate armour
rPois   .          Reflect  .   (helmet restricted)
rElec   .          Harm     .   f - +2 cloak
rCorr   +          Rampage  .   (no gloves)
Will    .....                   n - +2 pair of boots
Stlth   ..........              (no amulet)
HPRegen 0.25/turn               j - ring of resist corrosion
MPRegen 0.11/turn               k - ring of see invisible

@: about to teleport
A: horns 2, unskilled 1, retaliatory headbutt, dopey 1, screaming 1
a: Renounce Religion, Sacrifice Purity, Sacrifice Durability, Sacrifice Drink,
Reject Sacrifices


You were on level 9 of the Dungeon.
You worshipped Ru.
Ru was aware of your devotion.
You visited 2 branches of the dungeon, and saw 10 of its levels.

You collected 367 gold pieces.
You spent 36 gold pieces at shops.


Innate Abilities, Weirdness & Mutations

You have a pair of horns on your head.
You are somewhat unskilled. (-1 Apt)
You reflexively headbutt those who attack you in melee.
You are dopey. (Int -2)
You occasionally shout uncontrollably at your foes.


   Skills:
 - Level 8.8 Fighting
 + Level 13.1 Axes
 - Level 1.0 Throwing
 - Level 7.9 Armour
 - Level 3.1 Dodging
 - Level 4.7 Shields


You had 9 spell levels left.
You didn't know any spells.
Your spell library was empty.

Inventory:

Hand Weapons
 Y - a +2 war axe of flaming (weapon)
Missiles
 r - 6 boomerangs (quivered)
Armour
 c - a +0 buckler (worn)
 f - a +2 cloak (worn)
 n - a +2 pair of boots (worn)
 s - a +0 plate armour (worn)
Jewellery
 j - a ring of resist corrosion (left hand)
 k - a ring of see invisible (right hand)
Scrolls
 g - 2 scrolls of identify
 i - 2 scrolls of teleportation
Potions
 a - a potion of resistance {unknown}
 b - 4 potions of mutation
 d - a potion of might
 h - 4 potions of curing
 l - 2 potions of haste
 o - 2 potions of cancellation
 q - a potion of berserk rage {unknown}

Dungeon Overview and Level Annotations

Branches:
Dungeon (9/15)             Temple (1/1) D:6
   Lair: D:8-11         Orc: D:9-12

Altars:
Ashenzari
Cheibriados
Dithmenos
Elyvilon
Fedhas
Kikubaaqudgha
Nemelex Xobeh
Okawaru
Qazlal
Ru
Sif Muna
Trog
Uskayaw
Wu Jian
Xom
Zin
The Shining One

Shops:
D:4 !   D:6 *(


Message History

The death yak is severely wounded.
You slash the death yak! You burn the death yak.
A death yak comes into view.
You yell at the death yak!
The death yak snorts and paws the ground.
The death yak gores you! x2
You slice the death yak!! You burn the death yak! You headbutt the death yak.
You kill the death yak!
You slash the death yak! You burn the death yak.
Your Armour skill increases to level 7!
You hit the death yak but do no damage. You headbutt the death yak.
The death yak is heavily wounded.
You redirect the death yak's attack!
The death yak gores itself but does no damage.
You hit the death yak. You burn the death yak.
The death yak is heavily wounded.
You hit the death yak. You burn the death yak. The death yak gores you.
The death yak gores you but does no damage.
You slash the death yak! You burn the death yak.
The death yak is severely wounded.
You hit the death yak. You burn the death yak. You slash the death yak!
You burn the death yak.
The death yak is almost dead.
You slash the death yak! You burn the death yak. The death yak gores you.
The death yak gores you!
10871 ||| READING 3 scrolls of teleportation.
As you read the scroll of teleportation, it crumbles to dust.
You feel strangely unstable.
The death yak gores you but does no damage. x2
You completely miss the death yak.
The death yak is almost dead.
You slash the death yak! You burn the death yak. The death yak gores you. x2
You slash the death yak! You burn the death yak. You headbutt the death yak.
The death yak is almost dead.
You hit the death yak but do no damage.
The death yak gores you but does no damage.
The death yak gores you!!
You die...

........#...#...(....#..#....#
.......)'...+........'..#....#
......).#...#........####....###
......)##...######.....####....##
.......#.........#.....# #....#.
.......#.........#.....# #....#.
.......#.........#.....# #....#.
.......#.........'.....#..#....#?
.......#.......Y@#.....#..#....#.
.......#..##.###Y#.....##.#....##
#..##+# #Y##.....#.###.... #....
YY.#.....#...#.... #..##
Y#.#.....#...#.... #.# ..
.#.....#...#.... #. ..
.#.....#'###.... ...
.#.............. +..............


You could see 6 death yaks.

Vanquished Creatures
  A centaur warrior (D:8)
  A death yak (D:9)
  Joseph (D:8)
  A gargoyle (D:8)
  2 trolls (D:9)
  Prince Ribbit (D:7)
  Sigmund (D:2)
  A vampire (D:8)
  A wyvern (D:9)
  A steam dragon (D:9)
  3 water moccasins
  A sky beast (D:6)
  An ice beast (D:6)
  A centaur (D:6)
  An ogre (D:5)
  2 phantoms
  2 bullfrogs (D:6)
  3 kobold brigands
  Blork the orc (D:5)
  A necrophage (D:6)
  A gnoll sergeant (D:8)
  A scorpion (D:6)
  5 wights (D:6)
  6 killer bees (D:7)
  3 hounds (D:5)
  A jelly (D:5)
  7 orc priests
  7 orc wizards
  12 adders
  8 gnolls
  A shadow imp (D:5)
  2 white imps
  An ufetubus (D:4)
  4 worms
  4 dart slugs
  29 orcs
  7 ball pythons
  3 endoplasms
  2 giant cockroaches
  7 goblins
  14 hobgoblins
  3 jackals (D:1)
  16 kobolds
  5 quokkas
  4 bats
  4 frilled lizards
  6 rats
190 creatures vanquished.

Vanquished Creatures (others)
  A two-headed ogre (D:8)
  4 fungi (D:5)
  9 plants
14 creatures vanquished.

Grand Total: 204 creatures vanquished

Notes
Turn   | Place    | Note
-------+----------+-------------------------------------------
     0 | D:1      | qw the Minotaur Fighter began the quest for the Orb.
     0 | D:1      | Reached XP level 1. HP: 19/19 MP: 0/0
     0 | D:1      | 0 ||| qw: Version: 0.1-a-108-g9e35731
     0 | D:1      | 0 ||| qw: Game counter: 6221
     0 | D:1      | 0 ||| qw: Always use a shield: true
     0 | D:1      | 0 ||| qw: God list: Ru
     0 | D:1      | 0 ||| qw: Allow faded altars: false
     0 | D:1      | 0 ||| qw: Do Orc after D:15 true
     0 | D:1      | 0 ||| qw: Do second Lair branch before Depths: true
     0 | D:1      | 0 ||| qw: Lair rune preference: random
     0 | D:1      | 0 ||| qw: Plans: Normal
     0 | D:1      | 0 ||| PLANNING D:1-11
   222 | D:1      | Reached skill level 3 in Axes
   326 | D:1      | Reached XP level 2. HP: 26/26 MP: 1/1
   334 | D:1      | 334 ||| DROPPING +0 club.
   335 | D:1      | 335 ||| DROPPING +0 whip.
   529 | D:1      | 529 ||| Stepping ~*~*~tactically~*~*~ (stealth).
   694 | D:1      | Reached skill level 4 in Axes
   875 | D:1      | 875 ||| Stepping ~*~*~tactically~*~*~ (stealth).
   880 | D:1      | Reached XP level 3. HP: 31/31 MP: 2/2
  1047 | D:1      | 1047 ||| UPGRADING to +0 chain mail.
  1057 | D:1      | 1057 ||| DROPPING +0 scale mail.
  1058 | D:1      | 1058 ||| READING scroll labelled SEDGHA MUESHRU.
  1061 | D:1      | 1061 ||| READING 2 scrolls labelled ISOQAI JOTI.
  1062 | D:1      | 1062 ||| READING scroll labelled SIETUW QYNN.
  1063 | D:1      | 1063 ||| READING scroll labelled DOAFUO OBOABUKE.
  1227 | D:2      | Noticed Sigmund
  1228 | D:2      | 1228 ||| Stepping ~*~*~tactically~*~*~ (hiding).
  1229 | D:2      | 1229 ||| Stepping ~*~*~tactically~*~*~ (hiding).
  1230 | D:2      | 1230 ||| Stepping ~*~*~tactically~*~*~ (hiding).
  1232 | D:2      | 1232 ||| Stepping ~*~*~tactically~*~*~ (hiding).
  1254 | D:2      | Killed Sigmund
  1255 | D:2      | Reached skill level 7 in Axes
  1255 | D:2      | Reached XP level 4. HP: 16/39 MP: 3/3
  1255 | D:2      | Reached XP level 5. HP: 19/45 MP: 4/4
  1500 | D:2      | Reached skill level 1 in Dodging
  1794 | D:2      | 1794 ||| Stepping ~*~*~tactically~*~*~ (stealth).
  2208 | D:2      | Found a faded altar of an unknown god.
  2316 | D:2      | 2316 ||| UPGRADING to +2 cloak.
  2321 | D:2      | 2321 ||| UPGRADING to +0 pair of boots.
  2326 | D:2      | 2326 ||| UPGRADING to ring of resist corrosion.
  2327 | D:2      | 2327 ||| READING 2 scrolls labelled YMAGRI TIZADO.
  2328 | D:2      | 2328 ||| READING scroll of enchant armour.
  2328 | D:2      | 2328 ||| ENCHANTING +0 pair of boots.
  2329 | D:2      | 2329 ||| READING scroll labelled WUDDIAROSCHIG.
  2330 | D:2      | 2330 ||| DRINKING 4 orange potions.
  2330 | D:2      | Gained mutation: You occasionally shout uncontrollably at
                  | your foes. [potion of mutation]
  2330 | D:2      | Lost mutation: You occasionally shout uncontrollably at
                  | your foes. [potion of mutation]
  2330 | D:2      | Gained mutation: You have hidden genetic defects. [potion
                  | of mutation]
  2331 | D:2      | 2331 ||| READING 2 scrolls of identify.
  2331 | D:2      | 2331 ||| IDENTIFYING emerald potion
  2332 | D:2      | 2332 ||| DROPPING potion of attraction.
  2352 | D:3      | You fall into a shaft and drop 2 floors!
  2352 | D:5      | Entered Level 5 of the Dungeon
  2367 | D:5      | Noticed a phantom
  2375 | D:5      | Killed a phantom
  2376 | D:5      | Reached XP level 6. HP: 55/55 MP: 5/5
  2383 | D:5      | Noticed Blork the orc
  2390 | D:5      | Killed Blork the orc
  2397 | D:5      | Gained mutation: You are dopey. (Int -2) [hidden defects]
  2399 | D:5      | HP: 13/55 [orc/+0 mace (6)]
  2665 | D:5      | 2665 ||| Stepping ~*~*~tactically~*~*~ (hiding).
  2666 | D:5      | 2666 ||| Stepping ~*~*~tactically~*~*~ (hiding).
  2673 | D:5      | Reached skill level 8 in Axes
  2688 | D:5      | Gained mutation: You occasionally shout uncontrollably at
                  | your foes. [hidden defects]
  2688 | D:5      | Lost mutation: You have hidden genetic defects. [hidden
                  | defects expressed]
  2690 | D:5      | 2690 ||| DROPPING +0 whip.
  2840 | D:5      | Reached XP level 7. HP: 46/60 MP: 6/6
  2962 | D:5      | HP: 8/60 [ogre/+0 giant club (24)]
  2963 | D:5      | 2963 ||| READING scroll of teleportation.
  2965 | D:5      | Reached skill level 9 in Axes
  3264 | D:5      | 3264 ||| READING scroll labelled JICA FAGUEHEWI.
  3265 | D:5      | 3265 ||| READING scroll labelled XEEGEJ MOAV.
  3284 | D:4      | Found Wekoic's Distillery.
  3301 | D:4      | 3301 ||| SHOPLISTING 2 potions of curing (72 gold, have
                  | 56).
  3301 | D:4      | 3301 ||| BUYING potion of curing (36 gold).
  3301 | D:4      | Bought a potion of curing for 36 gold pieces
  3301 | D:4      | 3301 ||| SHOPLISTING potion of heal wounds (60 gold, have
                  | 20).
  3333 | D:4      | 3333 ||| READING scroll of enchant armour.
  3333 | D:4      | 3333 ||| ENCHANTING +1 pair of boots.
  3356 | D:4      | 3356 ||| READING scroll labelled KIGYAL LEEMUSO.
  3592 | D:3      | 3592 ||| Stepping ~*~*~tactically~*~*~ (stealth).
  3593 | D:3      | 3593 ||| Stepping ~*~*~tactically~*~*~ (stealth).
  3789 | D:3      | 3789 ||| Stepping ~*~*~tactically~*~*~ (stealth).
  4287 | D:3      | 4287 ||| UPGRADING to ring of see invisible.
  4288 | D:3      | 4288 ||| READING scroll labelled KIPROUSILE.
  4289 | D:3      | 4289 ||| READING 3 scrolls of identify.
  4289 | D:3      | 4289 ||| IDENTIFYING smoky black potion
  4290 | D:3      | 4290 ||| READING 2 scrolls of identify.
  4290 | D:3      | 4290 ||| IDENTIFYING coppery potion
  4532 | D:4      | 4532 ||| Stepping ~*~*~tactically~*~*~ (stealth).
  4632 | D:4      | Found a bloodstained altar of Trog.
  4749 | D:4      | 4749 ||| Stepping ~*~*~tactically~*~*~ (hiding).
  5036 | D:4      | 5036 ||| Stepping ~*~*~tactically~*~*~ (hiding).
  5037 | D:4      | 5037 ||| Stepping ~*~*~tactically~*~*~ (hiding).
  5217 | D:4      | 5217 ||| READING scroll of enchant weapon.
  5217 | D:4      | 5217 ||| ENCHANTING +1 war axe.
  5219 | D:4      | 5219 ||| READING scroll labelled FETSEV IREKU.
  5220 | D:4      | 5220 ||| DRINKING 2 gluggy blue potions.
  5266 | D:4      | 5266 ||| READING 2 scrolls of identify.
  5266 | D:4      | 5266 ||| IDENTIFYING bubbling dark potion
  5267 | D:4      | 5267 ||| DROPPING potion of ambrosia.
  5268 | D:4      | 5268 ||| DROPPING potion of lignification.
  5386 | D:5      | Reached skill level 10 in Axes
  6092 | D:5      | 6092 ||| READING 2 scrolls labelled BEPNIKH OSEGUPS.
  6093 | D:5      | 6093 ||| DROPPING scroll of poison.
  6094 | D:5      | 6094 ||| READING 3 scrolls of teleportation.
  6127 | D:6      | Found Zukkies's General Store.
  6130 | D:6      | 6130 ||| STAIRDANCE
  6138 | D:5      | Reached skill level 6 in Fighting
  6138 | D:5      | Reached XP level 8. HP: 54/70 MP: 7/7
  6282 | D:6      | 6282 ||| STAIRDANCE
  6459 | D:6      | 6459 ||| DROPPING +0 flail.
  6587 | D:6      | 6587 ||| SHOPLISTING potion of haste (120 gold, have 115).
  6594 | D:6      | Found a staircase to the Ecumenical Temple.
  6595 | D:6      | 6595 ||| PLANNING TEMPLE
  6598 | D:6      | Reached skill level 11 in Axes
  6610 | Temple   | Entered the Ecumenical Temple
  6615 | Temple   | Became a worshipper of Ru the Awakened
  6617 | Temple   | 6617 ||| PLANNING D:1-11
  6656 | D:6      | 6656 ||| Stepping ~*~*~tactically~*~*~ (stealth).
  6698 | D:6      | 6698 ||| FLEEEEING.
  6804 | D:6      | Found Vosoigay's Weapon Emporium.
  6806 | D:6      | 6806 ||| Stepping ~*~*~tactically~*~*~ (hiding).
  6925 | D:6      | 6925 ||| Stepping ~*~*~tactically~*~*~ (stealth).
  6941 | D:6      | Found a white marble altar of Elyvilon.
  7017 | D:6      | Found a blossoming altar of Fedhas.
  7018 | D:6      | 7018 ||| Stepping ~*~*~tactically~*~*~ (stealth).
  7019 | D:6      | 7019 ||| Stepping ~*~*~tactically~*~*~ (stealth).
  7036 | D:6      | Reached skill level 12 in Axes
  7135 | D:6      | 7135 ||| Stepping ~*~*~tactically~*~*~ (stealth).
  7244 | D:6      | Found a sparkling altar of Nemelex Xobeh.
  7244 | D:6      | Found a broken altar of Ashenzari.
  7249 | D:6      | Reached XP level 9. HP: 78/78 MP: 8/8
  7341 | D:6      | Found a glowing golden altar of the Shining One.
  7434 | D:6      | 7434 ||| READING scroll labelled QIUGAIHILL.
  7435 | D:6      | 7435 ||| READING 2 scrolls of identify.
  7435 | D:6      | 7435 ||| IDENTIFYING silvery potion
  7436 | D:6      | 7436 ||| DROPPING potion of brilliance.
  7738 | D:7      | 7738 ||| INVOKING Sacrifice Skill.
  7738 | D:7      | Gained mutation: You are somewhat unskilled. (-1 Apt) [Ru
                  | sacrifice]
  7738 | D:7      | Reduced skill Fighting to level 6
  7738 | D:7      | Reduced skill Axes to level 11
  7738 | D:7      | Reduced skill Dodging to level 1
  7738 | D:7      | Reached * piety under Ru
  8065 | D:7      | 8065 ||| Stepping ~*~*~tactically~*~*~ (stealth).
  8066 | D:7      | 8066 ||| Stepping ~*~*~tactically~*~*~ (stealth).
  8066 | D:7      | Noticed Prince Ribbit
  8094 | D:7      | Killed Prince Ribbit
  8095 | D:7      | Reached skill level 3 in Dodging
  8148 | D:7      | Found a hide-covered altar of Uskayaw.
  8177 | D:7      | 8177 ||| Stepping ~*~*~tactically~*~*~ (stealth).
  8179 | D:7      | 8179 ||| Stepping ~*~*~tactically~*~*~ (stealth).
  8180 | D:7      | 8180 ||| READING 2 scrolls of identify.
  8180 | D:7      | 8180 ||| IDENTIFYING fizzy cyan potion
  8181 | D:7      | 8181 ||| READING 4 scrolls of teleportation.
  8182 | D:7      | 8182 ||| FLEEEEING.
  8343 | D:7      | 8343 ||| READING 3 scrolls of teleportation.
  8344 | D:7      | 8344 ||| FLEEEEING.
  8345 | D:7      | 8345 ||| FLEEEEING.
  8449 | D:7      | 8449 ||| Stepping ~*~*~tactically~*~*~ (stealth).
  8455 | D:7      | 8455 ||| Stepping ~*~*~tactically~*~*~ (stealth).
  8647 | D:7      | 8647 ||| FLEEEEING.
  8648 | D:7      | 8648 ||| FLEEEEING.
  8649 | D:7      | 8649 ||| FLEEEEING.
  8650 | D:7      | 8650 ||| FLEEEEING.
  8661 | D:7      | Reached skill level 12 in Axes
  8811 | D:7      | 8811 ||| READING 2 scrolls of teleportation.
  8849 | D:8      | Found an ornate altar of the Wu Jian Council.
  8855 | D:8      | Noticed Joseph
  8865 | D:8      | Killed Joseph
  9079 | D:8      | Reached skill level 1 in Throwing
  9086 | D:8      | 9086 ||| Stepping ~*~*~tactically~*~*~ (hiding).
  9107 | D:8      | Noticed a two-headed ogre
  9115 | D:8      | HP: 7/80 [two-headed ogre/+0 giant spiked club (25)]
  9116 | D:8      | 9116 ||| READING scroll of teleportation.
  9117 | D:8      | 9117 ||| DRINKING 6 potions of heal wounds.
  9118 | D:8      | 9118 ||| DRINKING 5 potions of heal wounds.
  9550 | D:8      | Noticed a gargoyle
  9551 | D:8      | 9551 ||| Stepping ~*~*~tactically~*~*~ (stealth).
  9559 | D:8      | Killed a gargoyle
  9582 | D:8      | 9582 ||| Stepping ~*~*~tactically~*~*~ (stealth).
  9592 | D:8      | HP: 17/80 [two-headed ogre/+0 giant spiked club (14)]
  9593 | D:8      | 9593 ||| DRINKING 4 potions of heal wounds.
  9594 | D:8      | HP: 6/80 [two-headed ogre/+0 giant spiked club (6)]
  9595 | D:8      | 9595 ||| DRINKING 3 potions of heal wounds.
  9595 | D:8      | Killed a two-headed ogre
  9596 | D:8      | Reached skill level 13 in Axes
  9596 | D:8      | Reached XP level 10. HP: 30/88 MP: 9/9
  9661 | D:8      | Noticed a centaur warrior
  9663 | D:8      | HP: 10/88 [centaur warrior/arrow (20)]
  9664 | D:8      | 9664 ||| DRINKING 2 potions of heal wounds.
  9670 | D:8      | HP: 21/88 [centaur warrior (9)]
  9671 | D:8      | 9671 ||| DRINKING potion of heal wounds.
  9682 | D:8      | Killed a centaur warrior
  9943 | D:8      | 9943 ||| DROPPING +4 flail of freezing.
 10017 | D:8      | 10017 ||| Stepping ~*~*~tactically~*~*~ (stealth).
 10247 | D:8      | 10247 ||| Stepping ~*~*~tactically~*~*~ (hiding).
 10356 | D:8      | 10356 ||| UPGRADING to +0 plate armour.
 10366 | D:8      | 10366 ||| DROPPING +0 chain mail.
 10367 | D:8      | 10367 ||| DROPPING ring of wizardry.
 10368 | D:8      | 10368 ||| READING scroll labelled SAUFIF UXUDGHEST.
 10369 | D:8      | 10369 ||| DROPPING +0 morningstar.
 10370 | D:8      | 10370 ||| READING 2 scrolls of identify.
 10370 | D:8      | 10370 ||| IDENTIFYING fuming clear potion
 10371 | D:8      | 10371 ||| DROPPING potion of flight.
 10423 | D:9      | 10423 ||| Stepping ~*~*~tactically~*~*~ (cloud).
 10424 | D:9      | 10424 ||| Stepping randomly (cloudy).
 10427 | D:9      | 10427 ||| Stepping ~*~*~tactically~*~*~ (cloud).
 10490 | D:9      | Identified the +2 dagger of Sayt {holy, rN+ Will+}
 10515 | D:9      | Reached skill level 6 in Armour
 10804 | D:9      | 10804 ||| Stepping ~*~*~tactically~*~*~ (hiding).
 10854 | D:9      | Noticed a death yak
 10857 | D:9      | Noticed a death yak
 10859 | D:9      | Noticed a death yak
 10860 | D:9      | Noticed a death yak
 10861 | D:9      | Noticed a death yak
 10863 | D:9      | Noticed a death yak
 10865 | D:9      | Noticed a death yak
 10866 | D:9      | Killed a death yak
 10870 | D:9      | HP: 19/90 [death yak (12)]
 10871 | D:9      | 10871 ||| READING 3 scrolls of teleportation.
 10873 | D:9      | Mangled by a death yak

Levels and vault maps discovered:
D:1:      lightli_arrival_boilingwater, layout_loops_corners,
          chequers_big_river, item_on_display_a
D:2:      layout_basic, shapermc_ecumenical_altar_ellora, uniq_sigmund
D:3:      layout_basic
D:4:      layout_cave_pods, trog_butcher_becter, serial_shops,
          kennysheep_mini_moat, kennysheep_generic_room_2
D:5:      layout_basic, dreamdust_gnoll_farm, uniq_blork_the_orc
D:6:      layout_rooms, fedhas_altar_2, mainiacjoe_overflow_cross_hatched,
          marbit_many_paths, grunt_temple_overflow_open,
          minmay_temple_entry_hall, serial_shops, kennysheep_little_box, shop
D:7:      layout_basic, general_overflow_altar,
          nicolae_concentric_dashed_squares_wild, uniq_prince_ribbit1
D:8:      layout_basic, nicolae_wu_jian_wuxing_cycle, minmay_shattered_shrine,
          uniq_joseph
D:9:      layout_gridville, dpeg_lair_monsters, worms_lemuel
Temple:   nicolae_temple_ecumenical_triangle

Skill      XL: |  1  2  3  4  5  6  7  8  9 10 |
---------------+-------------------------------+-----
Axes           | 3 4 7 8 10 12 13 | 13.1
Dodging        | 1 2 3 |  3.1
Fighting       | 4 6 7 8 |  8.8
Armour         | 4 5 7 |  7.9
Shields        | 4 |  4.7
Throwing       | 1 |  1.0

Action                   |  1- 3 |  4- 6 |  7- 9 | 10-12 || total
-------------------------+-------+-------+-------+-------++-------
Melee: War axe           |    69 |    66 |   347 |    57 ||   539
       Headbutt          |     4 |    11 |    55 |    14 ||    84
Throw: Boomerang         |       |       |    10 |    10 ||    20
Invok: Sacrifice Skill   |       |       |     1 |       ||     1
  Use: Scroll            |     4 |     4 |    20 |     3 ||    31
       Potion            |       |     1 |     5 |     2 ||     8
 Stab: Distracted        |       |       |     1 |       ||     1
Armor: Scale mail        |    19 |       |       |       ||    19
       Chain mail        |     9 |    52 |   161 |    27 ||   249
       Plate armour      |       |       |       |    18 ||    18
Dodge: Dodged            |    19 |    12 |   104 |    19 ||   154
Block: Buckler           |     9 |     6 |    61 |    13 ||    89

Table legend:
 A = Non-vault XP
 B = Vault XP
 C = Vault XP percentage of total XP
 D = Non-vault monster count
 E = Vault monster count
 F = Vault count percentage of total count
                 A         B        C        D         E       F
            +---------+---------+-------+---------+---------+-------
      Total |    4541 |    4410 |  49.3 |     164 |      27 |  14.1
            +---------+---------+-------+---------+---------+-------
        D:1 |      43 |       0 |   0.0 |      25 |       0 |   0.0
        D:2 |      52 |     231 |  81.6 |      19 |       1 |   5.0
        D:3 |     101 |       0 |   0.0 |      17 |       0 |   0.0
        D:4 |     100 |      14 |  12.3 |      18 |       7 |  28.0
        D:5 |     679 |     252 |  27.1 |      17 |       8 |  32.0
        D:6 |    1461 |      14 |   0.9 |      24 |       1 |   4.0
        D:7 |     831 |     255 |  23.5 |      27 |       1 |   3.6
        D:8 |     241 |    2821 |  92.1 |       9 |       8 |  47.1
        D:9 |    1033 |     823 |  44.3 |       8 |       1 |  11.1
            +---------+---------+-------+---------+---------+-------
